 Dungeon Crawl Stone Soup version 0.26-a0-663-g36e8fdb655 (webtiles) character file.

Game seed: 11542499672079411729

84 offbeat the Ruffian (level 4, -1/40 HPs)
             Began as a Ghoul Monk on Oct 11, 2020.
             Slain by a hobgoblin
             ... wielding a +0 club
             ... led by Robin
              (3 damage)
             ... on level 2 of the Dungeon.
             The game lasted 00:03:01 (1109 turns).

offbeat the Ruffian (Ghoul Monk)                    Turns: 1109, Time: 00:03:02

Health: -1/40      AC:  2    Str: 15    XL:     4   Next: 46%
Magic:  3/3        EV: 13    Int:  5    God:
Gold:   80         SH:  0    Dex: 11    Spells: 3/3 levels left

rFire    . . .     SeeInvis .     - Unarmed
rCold    + . .     Faith    .   (no shield)
rNeg     + + +     Spirit   .   a - +0 robe
rPois    ∞         Reflect  .   (no helmet)
rElec    .         Harm     .   (no cloak)
rCorr    .         Rampage  .   (no gloves)
MR       .....                  (no boots)
Stlth    ++........             (no amulet)
HPRegen  0.00/turn              (no ring)
MPRegen  0.08/turn              (no ring)

@: no status effects
A: rotting body, claws 1, cold resistance 1, negative energy resistance 3,
inhibited regeneration, torment resistance, unbreathing
a: no special abilities


You were on level 2 of the Dungeon.
You visited 1 branch of the dungeon, and saw 2 of its levels.

You collected 80 gold pieces.

Inventory:

Missiles
 d - 4 poisoned darts (quivered)
Armour
 a - a +0 robe (worn)
Scrolls
 e - a scroll of teleportation {unknown}
 f - a scroll of magic mapping {unknown}
 g - a scroll of remove curse {unknown}
 h - a scroll of identify {unknown}
Potions
 b - a potion of heal wounds {unknown}
 c - a potion of degeneration {unknown}
 i - a potion of mutation {unknown}


   Skills:
 + Level 3.6 Fighting
 + Level 3.2 Dodging
 + Level 2.9 Stealth
 + Level 4.4 Unarmed Combat


You had 3 spell levels left.
You didn't know any spells.
Your spell library was empty.

Dungeon Overview and Level Annotations

Branches:
Dungeon (2/15)

Altars:


Innate Abilities, Weirdness & Mutations

Your body is rotting away.
You thrive by killing the living.
You are immune to poison.
You have sharp fingernails.
Your flesh is cold resistant. (rC+)
You are immune to negative energy. (rN+++)
You do not regenerate when monsters are visible.
You are immune to unholy pain and torment.
You can survive without breathing.


Message History

The gnoll hits you but does no damage.
You completely miss the gnoll. The hobgoblin misses you.
The goblin barely misses you. x2
You claw the gnoll!
The gnoll is severely wounded.
The gnoll hits you with a +0 whip.
* * * LOW HITPOINT WARNING * * *
The hobgoblin hits you with a +0 club.
* * * LOW HITPOINT WARNING * * *
The goblin misses you. x2
You claw the gnoll!
You kill the gnoll!
The goblin closely misses you. The goblin hits you but does no damage.
Unknown command.
You barely miss the hobgoblin. The hobgoblin hits you with a +0 club.
* * * LOW HITPOINT WARNING * * *
The goblin hits you but does no damage. The goblin closely misses you.
Unknown command.
You barely miss the hobgoblin. The hobgoblin hits you with a +0 club.
You die... gg

#.....### #g
#...>..<#
#.###..###.#
#..##.## #...
#####..#.#
####..
#...##...#
..#
#....g.#####
.#
#...ggg....#
#
.....#@g#.#.#
##.#.#.....#
# . ......# #
....##..#
###... ..#
..>.. .#
..... #
......


You could see a gnoll, 2 hobgoblins and 2 goblins.

Vanquished Creatures
  An adder (D:2)
  4 gnolls
  An ooze (D:2)
  A giant cockroach (D:2)
  5 goblins
  6 hobgoblins
  3 kobolds (D:1)
  A ball python (D:1)
  5 bats (D:1)
  5 frilled lizards (D:1)
  4 rats (D:1)
36 creatures vanquished.

Notes
Turn   | Place    | Note
-------+----------+-------------------------------------------
     0 | D:1      | offbeat the Ghoul Monk began the quest for the Orb.
     0 | D:1      | Reached XP level 1. HP: 19/19 MP: 0/0
   162 | D:1      | Reached XP level 2. HP: 14/26 MP: 1/1
   783 | D:1      | Reached XP level 3. HP: 31/31 MP: 2/2
   810 | D:1      | Reached skill level 4 in Unarmed Combat
  1096 | D:2      | Reached XP level 4. HP: 28/40 MP: 3/3
  1108 | D:2      | HP: 2/40 [hobgoblin/+0 club[Robin] (5)]
  1109 | D:2      | Slain by a hobgoblin

Illustrated notes

Levels and vault maps discovered:
D:1:      dpeg_arrival_pond, layout_loops_corners
D:2:      layout_rooms, lemuel_blue_sif_altar, uniq_robin, uniq_natasha

Skill      XL: |  1  2  3 |
---------------+----------+-----
Dodging        | 3 |  3.2
Unarmed Combat | 4 |  4.4
Fighting       | |  3.6
Stealth        | |  2.9

Action                   |  1- 3 |  4- 6 || total
-------------------------+-------+-------++-------
Melee: Unarmed           |    89 |    12 ||   101
       Punch             |     2 |       ||     2
 Stab: Sleeping          |     5 |       ||     5
Armor: Robe              |    20 |     3 ||    23
Dodge: Dodged            |    56 |    14 ||    70

Table legend: (Time is in decaauts)
 A = Elapsed time spent in this place.
 B = Non-inter-level travel time spent in this place.
 C = Inter-level travel time spent in this place.
 D = Time resting spent in this place.
 E = Time spent auto-exploring this place.
 F = Levels seen in this place.
 G = Mean time per level.
                   A        B        C        D        E       F      G
               +--------+--------+--------+--------+--------+-----+--------+
         Total |   1101 |   1101 |      0 |      0 |    829 |   2 |  550.5 |
       Dungeon |   1101 |   1101 |      0 |      0 |    829 |   2 |  550.5 |
               +--------+--------+--------+--------+--------+-----+--------+

Top non-repeatable levels by time:
     D:1: 996 daAuts
     D:2: 104 daAuts
